 Dungeon Crawl Stone Soup version 0.28.0-53-g5a82cb258f (webtiles) character file.

Game seed: 2046408494404550365

52 DildoBatman the Conjurer (level 4, -2/32 HPs)
             Began as a Formicid Conjurer on July 19, 2022.
             Slain by a quokka (3 damage)
             ... on level 2 of the Dungeon.
             The game lasted 00:03:26 (944 turns).

DildoBatman the Conjurer (Formicid Conjurer)         Turns: 944, Time: 00:03:27

Health: -2/32      AC:  3    Str: 12    XL:     4   Next: 8%
Magic:  8/8        EV: 16    Int: 17    God:
Gold:   47         SH:  0    Dex: 11    Spells: 5/8 levels left

rFire   . . .      SeeInvis +   a - +2 dagger (speed)
rCold   . . .      Faith    .   (no shield)
rNeg    . . .      Spirit   .   c - +0 robe
rPois   .          Reflect  .   (helmet unavailable)
rElec   .          Harm     .   e - +0 cloak
rCorr   .          Rampage  .   (no gloves)
Will    .....                   (no boots)
Stlth   ++........              (no amulet)
HPRegen 0.10/turn               i - +4 ring of evasion
MPRegen 0.11/turn               (no ring)

@: no status effects
A: permanent stasis, dig shafts and tunnels, antennae 3, four strong arms
a: Dig, Shaft Self


You were on level 2 of the Dungeon.
You visited 1 branch of the dungeon, and saw 2 of its levels.

You collected 47 gold pieces.

Inventory:

Hand Weapons
 a - a +2 dagger of speed (weapon)
Missiles
 d - 3 poisoned darts
 f - 4 silver javelins
 j - 22 bolts
Armour
 c - a +0 robe (worn)
 e - a +0 cloak (worn)
Magical Staves
 b - a staff of poison
Jewellery
 i - a +4 ring of evasion (left hand)
Scrolls
 g - a scroll of amnesia {unknown}
 h - a scroll of vulnerability {unknown}


   Skills:
 * Level 1.5 Fighting
 * Level 1.5 Armour
 - Level 2.0 Dodging
 - Level 2.4 Stealth
 * Level 2.7 Spellcasting
 * Level 3.9 Conjurations


You had 5 spell levels left.
You knew the following spells:

 Your Spells              Type           Power      Damage    Failure   Level
a - Searing Ray           Conj           30%        2d5       5%          2
c - Magic Dart            Conj           60%        1d6       3%          1

Your spell library contained the following spells:

 Spells                   Type           Power      Damage    Failure   Level
 Dazzling Flash           Conj/Hex       18%        N/A       24%         3
 Gell's Gravitas          Tloc           2%         N/A       47%         3
 Teleport Other           Tloc           2%         N/A       47%         3
 Fulminant Prism          Conj/Hex       4%         3d6       63%         4
 Iskenderun's Mystic Bla  Conj/Tloc      9%         2d4       63%         4
 Dispersal                Tloc           1%         N/A       100%        6


Dungeon Overview and Level Annotations

Branches:
Dungeon (2/15)

Altars:


Innate Abilities, Weirdness & Mutations

You cannot be hasted, slowed, berserked, paralysed or teleported.
You can dig through walls and to a lower floor.
You have a pair of large antennae on your head. (SInv)
Your four strong arms can wield two-handed weapons with a shield.


Message History

Anything else - Cancel.
You shout for attention!
The hobgoblin misses you. The bat misses you. The quokka barely misses you.
What are your orders? t - Shout!
Orders for allies: a - Attack new target. r - Retreat! s - Stop attacking. g - Guard the area. f - Follow me.
Anything else - Cancel.
You shout for attention!
The bat hits you but does no damage. The quokka misses you.
The hobgoblin misses you. What are your orders? t - Shout!
Orders for allies: a - Attack new target. r - Retreat! s - Stop attacking. g - Guard the area. f - Follow me.
Anything else - Cancel.
You shout for attention!
The bat hits you but does no damage. The bat hits you.
The quokka closely misses you. The rat closely misses you.
The hobgoblin hits you but does no damage.
What are your orders? t - Shout!
Orders for allies: a - Attack new target. r - Retreat! s - Stop attacking. g - Guard the area. f - Follow me.
Anything else - Cancel.
You shout for attention!
The bat completely misses you. The quokka bites you.
The rat bites you but does no damage. The hobgoblin completely misses you.
The quokka bites you.
You die...

(. #..## ##
#....#..
#.##.#.#
#.##...#
#.##..# #.
###.##..###....
#.......r......
#.#.##g@#.....
#†#..=..r..#
#†####..b......
#.#......#.#...
#.#.##.#.#.....
#.#.##.#.# #..
#.#.##.#.##
..####
#..........
....#
###.#....## #.#


You could see a quokka, a hobgoblin, a bat and a rat.

Vanquished Creatures
  2 adders (D:2)
  A worm (D:2)
  5 bats (D:1)
  2 endoplasms
  3 goblins (D:1)
  8 jackals
  A kobold (D:1)
  A quokka (D:1)
  A frilled lizard (D:2)
  4 rats (D:1)
28 creatures vanquished.

Notes
Turn   | Place    | Note
-------+----------+-------------------------------------------
     0 | D:1      | DildoBatman the Formicid Conjurer began the quest for the
                  | Orb.
     0 | D:1      | Reached XP level 1. HP: 13/13 MP: 3/3
   163 | D:1      | Reached XP level 2. HP: 20/20 MP: 1/5
   166 | D:1      | Learned a level 2 spell: Searing Ray
   512 | D:1      | Reached skill level 1 in Fighting
   512 | D:1      | Reached skill level 1 in Armour
   514 | D:1      | Reached XP level 3. HP: 21/26 MP: 2/6
   891 | D:2      | Reached XP level 4. HP: 24/32 MP: 4/8
   944 | D:2      | HP: 1/32 [quokka (2)]
   944 | D:2      | Slain by a quokka

Illustrated notes

Levels and vault maps discovered:
D:1:      dpeg_arrival_ternary, layout_rooms, hangedman_decor_clover_reticule,
          moated_statue
D:2:      layout_loops_ring, ebering_ecumenical_altar_abandoned, hex_medium,
          uniq_terence

Skill      XL: |  1  2 |
---------------+-------+-----
Dodging        | 2 |  2.0
Fighting       | 1 |  1.5
Armour         | 1 |  1.5
Stealth        | |  2.4
Spellcasting   | |  2.7
Conjurations   | |  3.9

Action                   |  1- 3 |  4- 6 || total
-------------------------+-------+-------++-------
Melee: Dagger            |    18 |       ||    18
       Unarmed           |     3 |       ||     3
       Punch             |     1 |       ||     1
 Cast: Magic Dart        |    27 |       ||    27
       Searing Ray       |     8 |       ||     8
Armor: Robe              |     8 |    24 ||    32
Dodge: Dodged            |    40 |    87 ||   127
